 Dungeon Crawl Stone Soup version 0.23-a0-41-g8b50da7 (webtiles) character file.

311181 topirishpotato the Peltast (level 21, -7/121 HPs)
             Began as a Gargoyle Fighter on Aug 4, 2018.
             Was a High Priest of Sif Muna.
             Mangled by a stone giant (38 damage)
             ... on level 3 of the Vaults on Aug 5, 2018.
             The game lasted 02:24:04 (44215 turns).

topirishpotato the Peltast (Gargoyle Fighter)      Turns: 44215, Time: 02:24:05

Health: -7/121     AC: 36    Str: 25    XL:     21   Next: 27%
Magic:  0/34       EV: 14    Int: 17    God:    Sif Muna [*****.]
Gold:   1179       SH: 16    Dex: 10    Spells: 13/38 levels left

rFire    + . .     SeeInvis +   J - +9 rapier of Foroump {elec, rElec rPois rF++}
rCold    + + .     Gourm    +   a - +2 shield {rPois}
rNeg     + + .     Faith    .   F - +2 ice dragon scales "Quwyne" {rF- rC++ Str+4}
rPois    ∞         Spirit   +   q - +1 helmet
rElec    +         Reflect  .   h - scarf {Spirit}
rCorr    .         Harm     .   (no gloves)
MR       +....                  x - +1 pair of boots {Fly}
Stlth    +++.......             e - amulet of the Rabble {Gourm +Inv rN+ Str-4}
HPRegen  0.30/turn              I - ring "Zishragg" {Str+4 Slay+5}
MPRegen  0.24/turn              o - ring of see invisible

@: hasted, very quick
A: big wings, negative energy resistance 1, electricity resistance, unbreathing,
petrification resistance, rot immunity, AC +16
}: 2/15 runes: serpentine, barnacled
a: Fly, Divine Energy, Channel Magic, Forget Spell, Renounce Religion, Evoke
Invisibility, Evoke Flight


You were on level 3 of the Vaults.
You worshipped Sif Muna.
Sif Muna was extremely pleased with you.
You were not hungry.

You visited 7 branches of the dungeon, and saw 35 of its levels.
You also visited: Ice Cave.

You collected 3780 gold pieces.
You spent 2601 gold pieces at shops.

Inventory:

Hand Weapons
 s - the +7 great mace of Contention {flame, *Rage rC+ rN+++}
   (You bought it in a shop on level 2 of the Vaults)

   It has been specially enchanted to burn those struck by it, causing extra
   injury to most foes and up to half again as much damage against particularly
   susceptible opponents.
   It protects you from cold.
   It renders you almost immune to negative energy.
   It may make you go berserk in combat.
 C - the +8 dagger of Huytig {flame, *Noise Dex+6}
   (You found it on level 6 of the Dungeon)

   It has been specially enchanted to burn those struck by it, causing extra
   injury to most foes and up to half again as much damage against particularly
   susceptible opponents.
   It affects your dexterity (+6).
   It may make noises in combat.
 J - the +9 rapier of Foroump (weapon) {elec, rElec rPois rF++}
   (You found it on level 8 of the Dungeon)

   Occasionally, upon striking a foe, it will discharge some electrical energy
   and cause terrible harm.
   It greatly protects you from fire.
   It insulates you from electricity.
   It protects you from poison.
 X - the +11 hand axe of the Spectre {chop, +Fly Int-4 Dex+6 SInv}
   (You found it on level 5 of the Lair of Beasts)

   It inflicts extra damage upon your enemies.
   It affects your intelligence (-4).
   It affects your dexterity (+6).
   It lets you see invisible.
   It lets you fly.
Missiles
 l - 797 stones (quivered)
Armour
 a - a +2 shield of poison resistance (worn)
 h - a scarf of spirit shield (worn)
 q - a +1 helmet (worn)
 x - a +1 pair of boots of flying (worn)
 F - the +2 ice dragon scales "Quwyne" (worn) {rF- rC++ Str+4}
   (You found it in an ice cave)

   It affects your strength (+4).
   It makes you vulnerable to fire.
   It greatly protects you from cold.
 V - the +2 robe "Akacup" {rElec rF+++ Regen+ Stlth+}
   (You found it on level 11 of the Dungeon)

   It renders you almost immune to fire.
   It insulates you from electricity.
   It increases your rate of regeneration.
   It makes you more stealthy.
Jewellery
 e - the amulet of the Rabble (around neck) {Gourm +Inv rN+ Str-4}
   (You bought it in a shop on level 3 of the Shoals)

   [amulet of the gourmand]

   It allows you to eat raw meat even when not hungry.
   It affects your strength (-4).
   It protects you from negative energy.
   It lets you turn invisible.
 o - a ring of see invisible (right hand)
 p - an uncursed amulet of guardian spirit {unknown}
 v - an uncursed ring of fire
 A - an uncursed ring of protection from cold
 I - the ring "Zishragg" (left hand) {Str+4 Slay+5}
   (You found it on level 2 of the Shoals)

   [ring of slaying]

   It affects your strength (+4).
   It affects your accuracy and damage with ranged weapons and melee attacks
   (+5).
 N - a +4 ring of evasion
 O - an uncursed ring of ice
 Z - an uncursed ring of resist corrosion
Wands
 d - a wand of random effects (45)
 D - a wand of digging (27)
Scrolls
 c - a scroll of holy word
 k - 11 scrolls of teleportation
 m - 2 scrolls of enchant armour
 r - 23 scrolls of remove curse
 t - 5 scrolls of magic mapping
 u - 6 scrolls of amnesia
 w - a scroll of identify
 E - 4 scrolls of fog
 K - 4 scrolls of enchant weapon
 M - 4 scrolls of brand weapon
Potions
 b - a potion of mutation
 g - 6 potions of brilliance
 i - a potion of resistance
 j - a potion of cancellation
 n - 2 potions of haste
 z - 6 potions of curing
 B - a potion of magic
 L - a potion of invisibility
Comestibles
 f - 39 rations


   Skills:
 - Level 9.7 Fighting
 - Level 14.0 Short Blades
 - Level 8.8 Maces & Flails
 - Level 12.0 Armour
 - Level 10.1 Dodging
 - Level 10.7 Stealth
 - Level 15.0 Shields
 * Level 9.4 Spellcasting
 * Level 13.0 Conjurations
 - Level 8.9 Summonings
 - Level 5.9 Transmutations
 - Level 8.0 Ice Magic
 * Level 7.5 Air Magic
 - Level 11.3 Earth Magic


You had 13 spell levels left.
You knew the following spells:

 Your Spells              Type           Power        Failure   Level  Hunger
a - Magic Dart            Conj           ####         1%          1    None
b - Summon Small Mammal   Summ           ####         1%          1    None
c - Throw Frost           Conj/Ice       #####.       1%          2    None
d - Searing Ray           Conj           ######       1%          2    None
e - Call Imp              Summ           #####...     1%          2    None
f - Freeze                Ice            ####         1%          1    None
g - Call Canine Familiar  Summ           #####...     1%          3    None
h - Iskenderun's Mystic   Conj           ######..     1%          4    ###....
i - Sandblast             Erth           #####.       1%          1    None
j - Static Discharge      Conj/Air       #####...     1%          3    None
k - Passwall              Tmut/Erth      #####...     1%          2    None
l - Mephitic Cloud        Conj/Pois/Air  ####....     3%          3    None

Your spell library contained the following spells:

 Spells                   Type           Power        Failure   Level  Hunger
 Fireball                 Conj/Fire      ####......   36%         5    #####..
 Apportation              Tloc           #.....       21%         1    None
 Conjure Flame            Conj/Fire      ####....     4%          3    None
 Bolt of Cold             Conj/Ice       #####.....   38%         6    ######.
 Lightning Bolt           Conj/Air       #####.....   9%          5    #####..
 Bolt of Magma            Conj/Fire/Erth #####.....   21%         5    #####..
 Slow                     Hex            #.......     30%         2    None
 Invisibility             Hex            #.......     100%        6    ######.
 Throw Flame              Conj/Fire      ####..       1%          2    None
 Venom Bolt               Conj/Pois      ####......   36%         5    #####..
 Death's Door             Chrm/Necr      #.........   100%        8    #######
 Lehudib's Crystal Spear  Conj/Erth      #####.....   100%        8    #######
 Blink                    Tloc           N/A          30%         2    None
 Ozocubu's Refrigeration  Ice            #####.....   75%         6    ######.
 Summon Ice Beast         Ice/Summ       #####...     6%          4    ###....
 Ozocubu's Armour         Chrm/Ice       ###.....     12%         3    None
 Dispel Undead            Necr           #.......     99%         5    #####..
 Regeneration             Chrm/Necr      #.........   52%         3    None
 Sting                    Conj/Pois      ####         1%          1    None
 Sublimation of Blood     Necr           #.........   30%         2    None
 Tukima's Dance           Hex            #.......     52%         3    None
 Summon Demon             Summ           #####.....   14%         5    #####..
 Iron Shot                Conj/Erth      #####.....   21%         6    ######.
 Stone Arrow              Conj/Erth      #####.       1%          3    None
 Recall                   Summ/Tloc      N/A          10%         3    None
 Statue Form              Tmut/Erth      #####....    65%         6    ######.
 Ice Form                 Ice/Tmut       ####....     11%         4    ###....
 Deflect Missiles         Chrm/Air       ###.......   100%        6    ######.
 Throw Icicle             Conj/Ice       #####...     2%          4    ###....
 Shadow Creatures         Summ           N/A          58%         6    ######.
 Flame Tongue             Conj/Fire      ####.        1%          1    None
 Ignite Poison            Fire/Tmut/Pois ##......     26%         3    None
 Ensorcelled Hibernation  Hex/Ice        ###...       6%          2    None
 Metabolic Englaciation   Hex/Ice        ###.......   71%         5    #####..
 Summon Butterflies       Summ           #####...     1%          1    None
 Shatter                  Erth           #####.....   100%        9    #######
 Alistair's Intoxication  Tmut/Pois      ###.....     86%         5    #####..
 Lee's Rapid Deconstruct  Erth           #####.....   5%          5    #####..
 Conjure Ball Lightning   Conj/Air       #####.....   41%         6    ######.
 Portal Projectile        Hex/Tloc       #.....       52%         3    None
 Petrify                  Tmut/Erth      #####...     6%          4    ###....
 Malign Gateway           Summ/Tloc      ###.......   100%        7    #######
 Leda's Liquefaction      Hex/Erth       ####......   19%         4    ###....
 Summon Hydra             Summ           #####.....   99%         7    #######
 Shroud of Golubria       Chrm/Tloc      #.........   30%         2    None
 Aura of Abjuration       Summ           #####.....   14%         5    #####..
 Iskenderun's Battlesphe  Conj/Chrm      ####....     36%         5    #####..
 Fulminant Prism          Conj/Hex       ####......   14%         4    ###....
 Dazzling Spray           Conj/Hex       ####..       4%          3    None
 Force Lance              Conj/Tloc      ####....     14%         4    ###....
 Infusion                 Chrm           #...         21%         1    None
 Song of Slaying          Chrm           #.......     30%         2    None
 Spectral Weapon          Hex/Chrm       #.......     52%         3    None
 Discord                  Hex            #.........   100%        8    #######
 Summon Forest            Summ/Tloc      ###.......   65%         5    #####..
 Summon Lightning Spire   Summ/Air       #####...     7%          4    ###....
 Summon Guardian Golem    Hex/Summ       ###.....     10%         3    None
 Spellforged Servitor     Conj/Summ      #####.....   88%         7    #######
 Summon Mana Viper        Hex/Summ       ###.....     65%         5    #####..
 Irradiate                Conj/Tmut      #####.....   12%         5    #####..
 Lesser Beckoning         Tloc           #.........   52%         3    None


Dungeon Overview and Level Annotations

Branches:
Dungeon (15/15)            Temple (1/1) D:4            Lair (6/6) D:9
 Shoals (4/4) Lair:4        Snake (4/4) Lair:3        Slime (0/5) Lair:6
    Orc (2/2) D:9             Elf (0/3) Orc:2        Vaults (3/5) D:13
  Crypt (0/3) Vaults:2     Depths (0/5) D:15

Altars:
Ashenzari
Cheibriados
Dithmenos
Elyvilon
Fedhas
Gozag
Hepliaklqana
Kikubaaqudgha
Makhleb
Nemelex Xobeh
Okawaru
Qazlal
Ru
Sif Muna
Trog
Uskayaw
Vehumet
Wu Jian
Xom
Yredelemnul
Zin
The Shining One
Beogh

Shops:
D:4 ?   D:7 !   D:12 =   Orc:2 !%}[[   Shoals:3 =   Snake:2 %   Snake:4 %
Vaults:2 (


Innate Abilities, Weirdness & Mutations

You are resistant to torment.
Your stone body is resilient. (AC +16)
You are immune to poison.
Your large and strong wings let you fly indefinitely.
You resist negative energy. (rN+)
You are resistant to electric shocks. (rElec)
You can survive without breathing.
You are immune to petrification.
You are immune to rotting.


Message History

The stone giant closely misses you. You block the vault warden's attack.
The vault warden blocks your attack.
The vault warden is heavily wounded.
The ironheart preserver hits you with a great mace!!
* * * LOW HITPOINT WARNING * * *
You puncture the vault warden!
The vault warden is severely wounded.
You block the stone giant's attack.
You hit the vault warden.
Lightning courses through the vault warden!
The vault warden is severely wounded.
The runic seal fades away.
You block the vault warden's attack.
You puncture the vault warden!
The vault warden is almost dead.
The stone giant hits you but does no damage.
You block the ironheart preserver's attack.
The ironbrand convoker begins to recite a word of recall!
You feel yourself speed up. The vault warden misses you.
The stone giant hits you!!!
You die...

+##+### #[[#..#
#..#..#############
#..#..#....#..#....
#?!#).#....#..#....
+##+###....#..#....
#p@#..#....#..#....
#Cp#..#####'..'####
#$p#..+............
#######.....(...>..
#####'..'####
#....#..#....
#....#..#....
#....#..#....
#....#..#....


You could see an ironheart preserver, a stone giant, a vault warden and an
ironbrand convoker.

Vanquished Creatures
  Vashnia (Snake:4)
  Polyphemus (Shoals:3)
  Roxanne (Snake:4)
  A kraken (Shoals:3)
  A revenant (Vaults:2)
  7 nagarajas
  A fire giant (Vaults:3)
  Ilsuiw (Shoals:3)
  Louise (Snake:4)
  7 vault wardens
  A deep elf sorcerer (Vaults:2)
  2 very ugly things
  10 ironheart preservers
  A stone giant (Vaults:3)
  A deep elf annihilator (Vaults:2)
  11 merfolk javelineers
  A deep elf death mage (Vaults:2)
  3 fire dragons
  5 merfolk impalers
  8 yaktaur captains
  2 great orbs of eyes
  Harold (D:7)
  A rakshasa (Vaults:3)
  5 vault guards
  2 ice dragons (Vaults:2)
  14 naga warriors
  Erolcha (D:12)
  6 merfolk aquamancers
  3 merfolk avatars
  3 hydras
  15 ogre magi
  6 anacondas
  A death knight (Vaults:3)
  43 two-headed ogres
  A catoblepas (Shoals:3)
  2 satyrs (Shoals:4)
  10 centaur warriors
  4 death yaks
  2 deep troll shamans
  A deep troll earth mage (Vaults:1)
  2 tengu warriors (D:15)
  4 shock serpents
  A soul eater (Vaults:2)
  19 naga sharpshooters
  2 deep elf knights
  Nergalle (Orc:1)
  3 skeletal warriors
  A fire crab (shapeshifter) (Vaults:2)
  4 salamander mystics (Snake:4)
  2 shadow wraiths
  7 unseen horrors
  3 glowing orange brains
  15 deep trolls
  A flayed ghost (Vaults:3)
  2 wizards
  Pikel (D:9)
  9 sea snakes
  4 ironbrand convokers
  10 naga ritualists
  A harpy (shapeshifter) (Vaults:2)
  9 harpies
  A swamp dragon (Lair:6)
  A wolf spider zombie (D:15)
  A phantasmal warrior (Vaults:3)
  A deep elf archer (Vaults:1)
  6 orc knights
  7 wolf spiders
  4 orc sorcerers
  25 ugly things
  17 fauns
  7 cyclopes
  6 mana vipers
  4 oklob plants
  9 salamanders (Snake:4)
  2 necromancers
  4 deep elf magi
  15 manticores
  9 merfolk sirens
  5 elephants (Lair:4)
  14 naga magi
  8 guardian serpents
  A fire giant skeleton (Vaults:2)
  9 vault sentinels
  37 black mambas
  5 water nymphs
  3 ice statues (IceCv)
  A gargoyle (D:15)
  A spiny frog (shapeshifter) (Vaults:2)
  13 spiny frogs
  4 freezing wraiths
  8 komodo dragons
  The ghost of cfbundy the Digger, a novice FoEE of Cheibriados (D:9)
  3 kobold demonologists
  29 yaktaurs
  4 rime drakes
  A tengu conjurer (D:15)
  A troll (shapeshifter) (Vaults:3)
  26 merfolk
  9 trolls
  A meliai (shapeshifter) (Vaults:1)
  3 polar bears
  A jumping spider (shapeshifter) (Vaults:1)
  4 hornets
  A harpy skeleton (D:15)
  22 slime creatures
  10 dream sheep
  A dream sheep (shapeshifter) (Vaults:2)
  4 wind drakes
  A blink frog (shapeshifter) (Vaults:2)
  11 blink frogs
  12 snapping turtles
  14 hippogriffs
  3 spriggans
  A vampire (D:12)
  An ettin zombie (Vaults:2)
  2 shadows (D:15)
  A redback (Lair:6)
  20 water elementals
  An orc simulacrum (Vaults:2)
  9 wraiths
  53 yaks
  16 wyverns
  A yaktaur simulacrum (Vaults:3)
  4 basilisks
  A steam dragon (Lair:6)
  8 vampire mosquitoes
  Edmund (D:6)
  2 hungry ghosts
  14 two-headed ogre zombies (D:12)
  4 wargs
  55 nagas
  6 acid dragons
  17 water moccasins
  26 orc warriors
  7 porcupines
  A slave (D:9)
  18 ice beasts
  4 boggarts (Lair:6)
  3 phantoms
  7 sky beasts
  57 ogres
  2 elf skeletons (Vaults:2)
  4 wolves (Lair:6)
  14 centaurs
  11 crocodiles
  31 bullfrogs
  9 big kobolds
  4 gnoll sergeants
  3 killer bees (D:7)
  8 scorpions
  23 wights
  5 electric eels
  9 crimson imps
  A bullfrog zombie (D:13)
  3 jellies
  A quasit (D:8)
  3 centaur zombies
  2 hounds
  21 orc priests
  Crazy Yiuf (D:5)
  17 orc wizards
  4 bullfrog skeletons
  15 centaur skeletons
  A gnoll shaman (D:10)
  9 worker ants
  7 iguanas
  7 hell rats
  Terence (D:3)
  A howler monkey zombie (D:5)
  A howler monkey skeleton (D:5)
  9 adders
  20 gnolls
  3 shadow imps
  3 oozes
  2 worms (D:2)
  2 dart slugs
  8 leopard geckos
  69 orcs
  7 giant cockroaches
  9 goblins
  8 hobgoblins
  10 jackals
  5 quokkas
  13 bats
  7 frilled lizards
  21 kobolds
  15 rats
  A bush (Lair:1)
  A fungus (Lair:5)
  10 plants
  A tentacle (Shoals:3)
1461 creatures vanquished.

Vanquished Creatures (others)
  Fannar (D:11)
  A naga sharpshooter (Snake:4)
  A merfolk (Shoals:1)
  A naga (Snake:4)
  A boggart (Vaults:1)
  8 fungi
  69 plants
  24 tentacles
106 creatures vanquished.

Grand Total: 1567 creatures vanquished

Notes
Turn   | Place    | Note
-------+----------+-------------------------------------------
     0 | D:1      | topirishpotato the Gargoyle Fighter began the quest for the Orb.
     0 | D:1      | Reached XP level 1. HP: 14/14 MP: 1/1
    95 | D:1      | Reached XP level 2. HP: 19/19 MP: 2/2
   432 | D:1      | Reached XP level 3. HP: 23/23 MP: 3/3
  1028 | D:2      | Noticed an ogre
  1039 | D:2      | Killed an ogre
  1039 | D:2      | Reached skill level 4 in Shields
  1039 | D:2      | Reached skill level 1 in Spellcasting
  1039 | D:2      | Reached XP level 4. HP: 19/29 MP: 5/5
  1039 | D:2      | Reached XP level 5. HP: 22/33 MP: 6/6
  1483 | D:2      | Reached XP level 6. HP: 38/38 MP: 8/8
  1555 | D:2      | Found a bloodstained altar of Trog.
  2411 | D:3      | Noticed Terence
  2428 | D:3      | Killed Terence
  3345 | D:4      | Found Beach's Magic Scroll Boutique.
  3350 | D:4      | Bought a scroll of identify for 24 gold pieces
  3350 | D:4      | Bought a scroll of identify for 24 gold pieces
  3598 | D:4      | Found a staircase to the Ecumenical Temple.
  3604 | Temple   | Entered the Ecumenical Temple
  3896 | Temple   | Became a worshipper of Sif Muna the Loreminder
  3976 | D:4      | Reached XP level 7. HP: 39/43 MP: 10/10
  4084 | D:5      | Entered Level 5 of the Dungeon
  4635 | D:5      | Found a runed door.
  4639 | D:5      | Noticed Crazy Yiuf
  4649 | D:5      | Killed Crazy Yiuf
  4652 | D:5      | Got an iridescent mace
  4654 | D:5      | Got a polished mace
  4660 | D:5      | Identified the +4 mace of Qerph {vamp, Dex+2} (You found it on level 5 of the Dungeon)
  4661 | D:5      | Identified the +5 mace "Seigouff" {crush, rC- Str+2 Int+4 Dex+4} (You found it on level 5 of the Dungeon)
  4716 | D:6      | Reached skill level 5 in Maces & Flails
  4728 | D:6      | Reached skill level 5 in Armour
  4728 | D:6      | Reached skill level 5 in Shields
  4772 | D:6      | Got an ichor-stained dagger
  4774 | D:6      | Noticed Edmund
  4794 | D:6      | Reached XP level 8. HP: 21/48 MP: 10/12
  5034 | D:6      | Reached skill level 5 in Fighting
  5126 | D:6      | Reached * piety under Sif Muna
  5473 | D:6      | Killed Edmund
  5473 | D:6      | Reached skill level 6 in Shields
  5859 | D:6      | Reached XP level 9. HP: 30/54 MP: 12/15
  6107 | D:6      | Got an encrusted rapier
  6455 | D:6      | Identified the +8 dagger of Huytig {flame, *Noise Dex+6} (You found it on level 6 of the Dungeon)
  6456 | D:6      | Identified the +4 rapier of Gut Piur {pierce, rElec Int+4} (You found it on level 6 of the Dungeon)
  6560 | D:7      | Noticed Harold
  6580 | D:7      | Killed Harold
  6589 | D:7      | Reached skill level 5 in Spellcasting
  6962 | D:7      | Reached skill level 7 in Shields
  7254 | D:7      | Reached XP level 10. HP: 57/60 MP: 17/17
  7331 | D:7      | Found Igothreo's Distillery.
  7542 | D:7      | Found a snail-covered altar of Cheibriados.
  7673 | D:7      | Found a glowing golden altar of the Shining One.
  7864 | D:7      | Learned a level 1 spell: Magic Dart
  7866 | D:7      | Learned a level 1 spell: Summon Small Mammal
  7984 | D:8      | Got an encrusted rapier
  8066 | D:8      | Reached skill level 1 in Conjurations
  8087 | D:8      | Reached ** piety under Sif Muna
  8285 | D:8      | Reached skill level 1 in Summonings
  8408 | D:8      | Identified the +9 rapier of Foroump {elec, rElec rPois rF++} (You found it on level 8 of the Dungeon)
  8497 | D:9      | Noticed a kobold demonologist
  8497 | D:9      | Noticed a kobold demonologist
  8499 | D:9      | Noticed a rust devil
  8516 | D:9      | Noticed a soul eater
  8528 | D:9      | Killed a kobold demonologist
  8528 | D:9      | Reached skill level 1 in Short Blades
  8528 | D:9      | Reached skill level 8 in Shields
  8529 | D:9      | Noticed an orange demon
  8546 | D:9      | Killed a kobold demonologist
  8608 | D:9      | Found a staircase to the Lair.
  8887 | D:9      | Noticed Pikel
  8893 | D:9      | Killed Pikel
  8893 | D:9      | Reached XP level 11. HP: 66/66 MP: 19/19
  9212 | D:9      | Found a runed gate.
  9213 | D:9      | Found a runed gate.
  9214 | D:9      | Found a runed gate.
  9216 | D:9      | Noticed cfbundy's ghost (novice FoEE)
  9243 | D:9      | Killed cfbundy's ghost
  9422 | D:9      | Found a staircase to the Orcish Mines.
  9439 | D:9      | Reached skill level 5 in Short Blades
  9585 | D:10     | Entered Level 10 of the Dungeon
  9642 | D:10     | Reached skill level 9 in Shields
  9740 | D:10     | Reached *** piety under Sif Muna
 10126 | D:10     | Reached XP level 12. HP: 72/72 MP: 20/20
 10689 | D:11     | Reached skill level 5 in Conjurations
 10846 | D:11     | Got a shimmering robe
 10857 | D:11     | Identified the +2 robe "Akacup" {rElec rF+++ Regen+ Stlth+} (You found it on level 11 of the Dungeon)
 10907 | D:11     | Noticed Fannar
 10935 | D:11     | Killed Fannar
 11199 | D:12     | Reached skill level 1 in Stealth
 11606 | D:12     | You fall through a shaft for 3 floors!
 11606 | D:15     | Entered Level 15 of the Dungeon
 11721 | D:13     | Noticed a two-headed ogre
 11734 | D:13     | Killed a two-headed ogre
 11734 | D:13     | Reached **** piety under Sif Muna
 11923 | D:12     | Found Jeesm's Jewellery Shop.
 12174 | D:12     | Noticed Erolcha
 12174 | D:12     | Noticed a two-headed ogre
 12223 | D:12     | Killed a two-headed ogre
 12223 | D:12     | Reached skill level 10 in Shields
 12223 | D:12     | Reached skill level 5 in Summonings
 12230 | D:12     | Killed Erolcha
 12230 | D:12     | Reached XP level 13. HP: 32/78 MP: 3/21
 12891 | D:13     | Reached skill level 10 in Short Blades
 12953 | D:13     | Found a gate to the Vaults.
 13181 | D:13     | Noticed a green very ugly thing
 13197 | D:13     | Killed a green very ugly thing
 13275 | D:13     | Reached skill level 5 in Stealth
 13308 | D:13     | Learned a level 2 spell: Throw Frost
 13669 | D:13     | Reached ***** piety under Sif Muna
 14107 | D:13     | Reached skill level 1 in Ice Magic
 14188 | D:14     | Identified Sif Muna's Volume of Confrontation and Protection (Sif Muna gifted it to you on level 14 of the Dungeon)
 14188 | D:14     | Received a gift from Sif Muna
 14271 | D:14     | Found a hazy altar of Hepliaklqana.
 14521 | D:14     | Gained mutation: Your large and strong wings let you fly indefinitely. [Gargoyle growth]
 14521 | D:14     | Reached XP level 14. HP: 75/84 MP: 17/22
 14874 | D:14     | Found a shadowy altar of Dithmenos.
 15228 | D:15     | Reached skill level 11 in Shields
 15403 | D:15     | Paralysed by an orc sorcerer for 5 turns
 15440 | D:15     | Found a staircase to the Depths.
 15666 | D:15     | Found a shattered altar of Ashenzari.
 16185 | D:15     | Reached XP level 15. HP: 90/90 MP: 23/23
 16699 | Lair:1   | Entered Level 1 of the Lair of Beasts
 16946 | Lair:1   | Identified Sif Muna's Reference Book on Evil Conjuration (Sif Muna gifted it to you on level 1 of the Lair of Beasts)
 16946 | Lair:1   | Received a gift from Sif Muna
 16953 | Lair:1   | Learned a level 2 spell: Searing Ray
 16956 | Lair:1   | Learned a level 2 spell: Call Imp
 16958 | Lair:1   | Learned a level 1 spell: Freeze
 16962 | Lair:1   | Learned a level 3 spell: Call Canine Familiar
 16967 | Lair:1   | Learned a level 4 spell: Iskenderun's Mystic Blast
 17283 | Lair:1   | Found a sparkling altar of Nemelex Xobeh.
 17713 | Lair:2   | Found a frozen archway.
 17758 | IceCv    | Entered an ice cave
 17785 | IceCv    | Reached skill level 5 in Ice Magic
 17947 | IceCv    | Reached skill level 12 in Shields
 18000 | IceCv    | Got twisted ice dragon scales
 18020 | IceCv    | Identified the +2 ice dragon scales "Quwyne" {rF- rC++ Str+4} (You found it in an ice cave)
 19381 | Lair:3   | Found a staircase to the Snake Pit.
 20220 | Lair:4   | Found a staircase to the Shoals.
 20871 | Lair:4   | You fall through a shaft for 2 floors!
 20871 | Lair:6   | Entered Level 6 of the Lair of Beasts
 20871 | Lair:6   | Found a staircase to the Slime Pits.
 21576 | Lair:5   | Got a slimy hand axe
 21577 | Lair:5   | Identified the +11 hand axe of the Spectre {chop, +Fly Int-4 Dex+6 SInv} (You found it on level 5 of the Lair of Beasts)
 22356 | Lair:6   | Reached XP level 16. HP: 88/96 MP: 22/24
 23360 | Shoals:1 | Entered Level 1 of the Shoals
 23398 | Shoals:1 | Reached skill level 13 in Shields
 23717 | Shoals:1 | Identified Sif Muna's Disquisition on the Poisonous Frostbite (Sif Muna gifted it to you on level 1 of the Shoals)
 23717 | Shoals:1 | Received a gift from Sif Muna
 24504 | Shoals:2 | Noticed a kraken
 24538 | Shoals:2 | HP: 2/96 [tentacle[a kraken] (5)]
 24784 | Shoals:2 | Got a faintly glowing amber ring
 24854 | Shoals:2 | Reached skill level 10 in Conjurations
 25539 | Shoals:2 | Identified the ring "Zishragg" {Str+4 Slay+5} (You found it on level 2 of the Shoals)
 26023 | Shoals:3 | Noticed a kraken
 26322 | Shoals:3 | Killed a kraken
 26542 | Shoals:3 | Noticed Ilsuiw
 26566 | Shoals:3 | Killed Ilsuiw
 26594 | Shoals:3 | Reached XP level 17. HP: 41/100 MP: 2/26
 26715 | Shoals:3 | Reached skill level 10 in Armour
 26740 | Shoals:3 | Found Cifogeuq's Jewellery Shop.
 26752 | Shoals:3 | Bought the amulet of the Rabble {Gourm +Inv rN+ Str-4} for 636 gold pieces
 26820 | Shoals:3 | Reached skill level 14 in Shields
 27130 | Shoals:3 | Reached skill level 10 in Stealth
 27195 | Shoals:3 | Noticed Polyphemus
 27218 | Shoals:3 | Killed Polyphemus
 27616 | Shoals:4 | Entered Level 4 of the Shoals
 28070 | Shoals:4 | Got a barnacled rune of Zot
 29176 | Shoals:4 | Reached skill level 15 in Shields
 29452 | Shoals:4 | Identified Jaung's Collected Works on Ashen Moulding
 30230 | Lair:3   | Upgraded the game from 0.23-a0-33-g1e3a2e4 to 0.23-a0-41-g8b50da7
 30234 | Snake:1  | Entered Level 1 of the Snake Pit
 30248 | Snake:1  | Learned a level 1 spell: Sandblast
 30252 | Snake:1  | Learned a level 3 spell: Static Discharge
 30274 | Snake:1  | Reached skill level 1 in Earth Magic
 30368 | Snake:1  | Reached skill level 1 in Air Magic
 30379 | Snake:1  | Reached skill level 1 in Dodging
 30835 | Snake:1  | Reached XP level 18. HP: 92/105 MP: 23/27
 31333 | Snake:1  | Learned a level 2 spell: Passwall
 31548 | Snake:2  | Reached skill level 1 in Transmutations
 31829 | Snake:2  | Reached skill level 5 in Earth Magic
 31834 | Snake:2  | Received a gift from Sif Muna
 31958 | Snake:2  | Found Horchaan's Food Boutique.
 32565 | Snake:4  | Entered Level 4 of the Snake Pit
 32599 | Snake:4  | Noticed Louise
 32622 | Snake:4  | Killed Louise
 32774 | Snake:4  | Identified Niwyofoc's Almanac of Enthralling Conjuration
 33349 | Snake:4  | Noticed Vashnia
 33379 | Snake:4  | Identified Ysoydwai's Tome of the Cicada (Sif Muna gifted it to you on level 4 of the Snake Pit)
 33379 | Snake:4  | Received a gift from Sif Muna
 33428 | Snake:4  | Noticed Roxanne
 33433 | Snake:4  | HP: 1/105 [Vashnia/bolt (20)]
 33791 | Snake:4  | Killed Vashnia
 33791 | Snake:4  | Reached skill level 5 in Dodging
 33791 | Snake:4  | Reached skill level 5 in Air Magic
 34412 | Snake:4  | Reached XP level 19. HP: 70/110 MP: 24/28
 34494 | Snake:4  | Got a serpentine rune of Zot
 34807 | Snake:4  | Killed Roxanne
 35436 | Snake:4  | Found Pyntotuf's Food Shoppe.
 35864 | Orc:1    | Entered Level 1 of the Orcish Mines
 35864 | Orc:1    | Found a roughly hewn altar of Beogh.
 35864 | Orc:1    | Noticed Nergalle
 35877 | Orc:1    | Killed Nergalle
 36267 | Orc:2    | Entered Level 2 of the Orcish Mines
 36267 | Orc:2    | Found Gasa's Antique Armour Shop.
 36307 | Orc:2    | Bought a faintly humming plate armour for 1036 gold pieces
 36307 | Orc:2    | Identified the cursed +0 plate armour of Itryaxta {Regen+ Str-5 Int+10 Dex+3} (You bought it in a shop on level 2 of the Orcish Mines)
 36529 | Orc:2    | Found a staircase to the Elven Halls.
 36741 | Orc:2    | Identified Sif Muna's Compendium of Stones and Creation (Sif Muna gifted it to you on level 2 of the Orcish Mines)
 36741 | Orc:2    | Received a gift from Sif Muna
 36741 | Orc:2    | Reached skill level 5 in Transmutations
 36764 | Orc:2    | Found Ciceisai's Gadget Shoppe.
 36764 | Orc:2    | Found Uthedoaho's Armour Boutique.
 36765 | Orc:2    | Found Jennutiu's Distillery.
 36765 | Orc:2    | Found Wair's Food Shoppe.
 36795 | Orc:2    | Bought a potion of mutation for 96 gold pieces
 36795 | Orc:2    | Bought a potion of invisibility for 96 gold pieces
 37218 | Orc:2    | Bought a slimy ring mail for 333 gold pieces
 37228 | Orc:2    | Identified the +5 ring mail of the Peculiar Planets {Str+4} (You bought it in a shop on level 2 of the Orcish Mines)
 37435 | Vaults:1 | Entered Level 1 of the Vaults
 39146 | Vaults:1 | Reached XP level 20. HP: 105/116 MP: 27/30
 39377 | Vaults:1 | Reached skill level 10 in Dodging
 39810 | Vaults:1 | Learned a level 3 spell: Mephitic Cloud
 40173 | Vaults:2 | Identified Haobom's Compendium of the Enthralling Snowflakes (Sif Muna gifted it to you on level 2 of the Vaults)
 40173 | Vaults:2 | Received a gift from Sif Muna
 40279 | Vaults:2 | Found a staircase to the Crypt.
 40301 | Vaults:2 | Reached skill level 10 in Earth Magic
 40413 | Vaults:2 | Found Etiyb's Antique Weapon Emporium.
 40421 | Vaults:2 | Bought a crude great mace for 356 gold pieces
 40421 | Vaults:2 | Identified the +7 great mace of Contention {flame, *Rage rC+ rN+++} (You bought it in a shop on level 2 of the Vaults)
 43221 | Vaults:3 | Identified Sif Muna's Incunabulum of Lethal Calling (Sif Muna gifted it to you on level 3 of the Vaults)
 43221 | Vaults:3 | Received a gift from Sif Muna
 43326 | Vaults:3 | Reached XP level 21. HP: 79/121 MP: 25/33
 44215 | Vaults:3 | Mangled by a stone giant

Vault maps used:
D:1:      dpeg_arrival_leaves_temple_mockup, minmay_strange_pillars,
          grunt_decor_one_mirror, st_stairs_6, wad_floor_pattern_2
D:2:      nicolae_overflow_crystal_walls, first_ration, minmay_vboxes
D:3:      uniq_terence
D:4:      minmay_temple_entry_enclosed_plants, serial_shops,
          kennysheep_little_box
D:5:      small_statue_intersection, minmay_misc_feat_secret_circle,
          minmay_misc_feat_x, uniq_crazy_yiuf_cottage
D:6:      uniq_edmund
D:7:      serial_shops, shop, basic_altar, the_bakery,
          nicolae_tso_swordbearing_angel, uniq_harold
D:9:      david_lair_shrubbed, kennysheep_orc_monster_closet_entryway,
          gammafunk_ghost_spectres, uniq_pikel
D:11:     uniq_fannar
D:12:     lemuel_ogre_cave, serial_shops, shop
D:13:     minmay_open_boxes_in_corner, hangedman_vaults_entry_quadrant_bands,
          serial_bayou_pond_e
D:14:     basic_altar, grunt_dithmenos_smoke
D:15:     grunt_enter_depths_magical_seal, evilmike_ruin_ashenzari
Temple:   nicolae_temple_the_god_donut
Lair:1:   wad_woods_tower, basic_altar, nicolae_lair_grove_arrangements,
          minmay_lair_oklob_bushes, beast_lair_carwin_7
Lair:2:   portal_ice_cave_entry_ice_beasts, st_stairs_5,
          infiniplex_staircase_pool
Lair:3:   dummy_snake_entry, cheibrodos_lair_caveside_slide, minmay_holes,
          nzn_random_ring
Lair:4:   minmay_shoals_entry_centaurs
Lair:5:   grunt_megastairs_1, minmay_lair_oklob_chamber, serial_bayou_shore_a,
          lemuel_fruit_fields
Lair:6:   hangedman_lair_tendril_chambers, guppyfry_lair_end_dragon,
          slime_dummy, minivault_11, kilobyte_rumbling_trees
Shoals:3: serial_shops, shop, uniq_ilsuiw, uniq_polyphemus
Shoals:4: shoals_end_grunt_garden
Snake:2:  serial_shops, shop
Snake:4:  johnstein_snake_rune_scales, serial_shops, nicolae_shop_waterfront,
          uniq_vashnia, uniq_roxanne, uniq_louise
Orc:1:    basic_altar, uniq_nergalle
Orc:2:    st_orc_ogre_mass, serial_shops, shop_fountains
Vaults:1: st_smaller_cells, hangedman_vaults_river_flow, v_misc_15,
          hangedman_vaults_corner, vaults_dpeg_ring, vaults_mumra_hex,
          nicolae_vaults_circle_grid_b, nicolae_vaults_network_square,
          nicolae_vaults_network_periphery, nicolae_vaults_diagonal_hallway_6,
          ontoclasm_vaults_misaligned
Vaults:2: minmay_crypt_entry_simple_round, ontoclasm_vaults_claustrophobia,
          v_pattern_2, nicolae_vaults_asterisk, v_misc_26,
          vaults_room_stairs_pillars, hangedman_vaults_stretched_pinwheel,
          vaults_room_ringed_pool, v_misc_2, hangedman_vaults_trim,
          nicolae_vaults_mini_display_case, vaults_room_large_hall,
          vaults_room_fours, serial_shops, shop
Vaults:3: vaults_mumra_lcd, hangedman_vaults_stagger, v_misc_19,
          vaults_room_grunt_arrival_ludios, ontoclasm_vaults_ligature,
          v_misc_28, st_cells, vaults_dpeg_cross, nicolae_vaults_rhombus_6,
          hangedman_vaults_impose, v_rooms_1, vaults_room_pool,
          vaults_room_fours
IceCv:    ice_cave_statue_garden_chambered

Skill      XL: |  1  2  3  4  5  6  7  8  9 10 11 12 13 14 15 16 17 18 19 20 21 |
---------------+----------------------------------------------------------------+-----
Maces & Flails | 3 4 5 6 8 |  8.8
Armour         | 4 5 6 7 8 9 10 12 | 12.0
Shields        | 4 5 6 7 8 9 10 11 12 13 15 | 15.0
Spellcasting   | 1 2 3 4 5 6 7 8 9 |  9.4
Fighting       | 4 5 6 7 8 9 |  9.7
Conjurations   | 3 4 6 7 8 9 10 11 12 13 | 13.0
Summonings     | 2 3 5 6 7 8 |  8.9
Short Blades   | 4 7 9 11 12 13 14 | 14.0
Stealth        | 3 5 7 8 9 10 | 10.7
Ice Magic      | 2 4 5 7 8 |  8.0
Earth Magic    | 4 7 9 11 | 11.3
Air Magic      | 2 5 6 7 |  7.5
Dodging        | 1 6 9 10 | 10.1
Transmutations | 4 5 |  5.9

Action                   |  1- 3 |  4- 6 |  7- 9 | 10-12 | 13-15 | 16-18 | 19-21 || total
-------------------------+-------+-------+-------+-------+-------+-------+-------++-------
Melee: Flail             |   127 |   176 |       |       |       |       |       ||   303
       Mace              |       |    91 |   295 |   148 |       |       |       ||   534
       Rapier            |       |       |       |   725 |  1636 |  2042 |  1754 ||  6157
 Cast: Summon Small Mamm |       |       |       |     1 |       |       |       ||     1
       Magic Dart        |       |       |       |       |     2 |     1 |       ||     3
       Call Canine Famil |       |       |       |       |     1 |       |       ||     1
       Iskenderun's Myst |       |       |       |       |       |     8 |     7 ||    15
       Sandblast         |       |       |       |       |       |       |     6 ||     6
       Static Discharge  |       |       |       |       |       |       |     3 ||     3
       Mephitic Cloud    |       |       |       |       |       |       |     1 ||     1
 Abil: Fly               |       |       |       |       |       |     1 |       ||     1
       Stop Flying       |       |       |       |       |       |     1 |       ||     1
  Use: Potion            |     1 |     1 |     3 |     7 |     6 |    24 |     5 ||    47
       Scroll            |       |     9 |     8 |     5 |     5 |    19 |     7 ||    53
 Stab: Distracted        |       |     1 |       |       |     1 |       |     1 ||     3
       Sleeping          |       |       |       |     3 |    10 |     3 |    10 ||    26
       Fleeing           |       |       |       |       |       |     1 |       ||     1
       Invisible         |       |       |       |       |       |       |     4 ||     4
  Eat: Chunk             |       |     9 |     4 |     7 |    18 |    12 |    18 ||    68
       Ration            |       |       |     5 |     3 |     5 |     8 |     5 ||    26
Armor: Scale mail        |    90 |   151 |   187 |   358 |       |       |       ||   786
       Robe              |       |       |       |    51 |    34 |       |       ||    85
       Acid dragon scale |       |       |       |       |   373 |       |       ||   373
       Ice dragon scales |       |       |       |       |   173 |   790 |   633 ||  1596
Dodge: Dodged            |    48 |    86 |   126 |   408 |   823 |   827 |   575 ||  2893
Block: Shield            |   102 |   163 |   206 |   531 |   986 |  1372 |  1133 ||  4493

Table legend:
 A = Spawn XP
 B = Non-spawn XP
 C = Spawn XP percentage of total XP
 D = Spawn monster count
 E = Non-spawn monster count
 F = Spawn count percentage of total count
 G = Total turns spent on level
                    A         B        C        D         E        F      G
               +---------+---------+-------+---------+---------+-------+---------
         Total |       0 |  520453 |   0.0 |       0 |    1451 |   0.0 | 44215
               +---------+---------+-------+---------+---------+-------+---------
           D:1 |       0 |      43 |   0.0 |       0 |      25 |   0.0 |   960
           D:2 |       0 |     283 |   0.0 |       0 |      40 |   0.0 |   840
           D:3 |       0 |     126 |   0.0 |       0 |      26 |   0.0 |  1353
           D:4 |       0 |     194 |   0.0 |       0 |       9 |   0.0 |   632
           D:5 |       0 |     143 |   0.0 |       0 |       5 |   0.0 |   624
           D:6 |       0 |    2062 |   0.0 |       0 |      43 |   0.0 |  2425
           D:7 |       0 |    2796 |   0.0 |       0 |      33 |   0.0 |   811
           D:8 |       0 |     979 |   0.0 |       0 |      21 |   0.0 |   476
           D:9 |       0 |    6438 |   0.0 |       0 |      54 |   0.0 |  1278
          D:10 |       0 |    5547 |   0.0 |       0 |      47 |   0.0 |   796
          D:11 |       0 |    1845 |   0.0 |       0 |       9 |   0.0 |   961
          D:12 |       0 |   10400 |   0.0 |       0 |      48 |   0.0 |  1420
          D:13 |       0 |   16579 |   0.0 |       0 |      68 |   0.0 |  1425
          D:14 |       0 |   10650 |   0.0 |       0 |      36 |   0.0 |   800
          D:15 |       0 |   30380 |   0.0 |       0 |      77 |   0.0 |  1756
        Lair:1 |       0 |    5527 |   0.0 |       0 |      27 |   0.0 |   914
        Lair:2 |       0 |    6159 |   0.0 |       0 |      27 |   0.0 |  1231
        Lair:3 |       0 |    5473 |   0.0 |       0 |      22 |   0.0 |  1191
        Lair:4 |       0 |    5767 |   0.0 |       0 |      22 |   0.0 |   727
        Lair:5 |       0 |    6145 |   0.0 |       0 |      32 |   0.0 |   982
        Lair:6 |       0 |   20397 |   0.0 |       0 |      79 |   0.0 |  1460
      Shoals:1 |       0 |    9435 |   0.0 |       0 |      20 |   0.0 |   880
      Shoals:2 |       0 |   13763 |   0.0 |       0 |      33 |   0.0 |  1703
      Shoals:3 |       0 |   32665 |   0.0 |       0 |      51 |   0.0 |  2516
      Shoals:4 |       0 |   31445 |   0.0 |       0 |      57 |   0.0 |  1721
       Snake:1 |       0 |   17920 |   0.0 |       0 |      30 |   0.0 |  1231
       Snake:2 |       0 |   10549 |   0.0 |       0 |      21 |   0.0 |   639
       Snake:3 |       0 |    3051 |   0.0 |       0 |       8 |   0.0 |   766
       Snake:4 |       0 |   77884 |   0.0 |       0 |     129 |   0.0 |  2869
         Orc:1 |       0 |    3185 |   0.0 |       0 |      22 |   0.0 |   612
         Orc:2 |       0 |   19337 |   0.0 |       0 |      75 |   0.0 |   847
      Vaults:1 |       0 |   52627 |   0.0 |       0 |      85 |   0.0 |  2376
      Vaults:2 |       0 |   59520 |   0.0 |       0 |      80 |   0.0 |  3150
      Vaults:3 |       0 |   47992 |   0.0 |       0 |      79 |   0.0 |  1254
         IceCv |       0 |    3147 |   0.0 |       0 |      11 |   0.0 |   290
               +---------+---------+-------+---------+---------+-------+---------
